 Dungeon Crawl Stone Soup version 0.24.1-14-gf8d2b509d9 (webtiles) character file.

Game seed: 7067458282459159957, levelgen mode: deterministic

1628 billz999 the Disciple of Destruction (level 8, -9/62 HPs)
             Began as a Demonspawn Fighter on May 7, 2021.
             Was a Follower of Makhleb.
             Mangled by an ogre
             ... wielding a +0 giant club
              (21 damage)
             ... on level 6 of the Dungeon.
             The game lasted 00:19:19 (5653 turns).

billz999 the Disciple of Destruction (DsFi)         Turns: 5653, Time: 00:19:20

Health: -9/62      AC: 13    Str: 21    XL:     8   Next: 65%
Magic:  12/12      EV:  9    Int:  9    God:    Makhleb [*.....]
Gold:   215        SH:  7    Dex: 13    Spells: 7/7 levels left

rFire    . . .     SeeInvis .   q - +1 whip (vamp)
rCold    + . .     Gourm    +   g - +2 buckler {rF+}
rNeg     . . .     Faith    .   e - +0 chain mail
rPois    .         Spirit   .   (helmet restricted)
rElec    .         Reflect  .   j - +0 cloak (curse)
rCorr    .         Harm     .   (no gloves)
MR       .....                  (no boots)
Stlth    ..........             k - amulet of the gourmand
HPRegen  0.20/turn              t - ring of ice
MPRegen  0.13/turn              y - +2 ring of strength

@: no status effects
A: antennae 1, molten scales 2, powered by death 1, rot immunity
a: Renounce Religion


You were on level 6 of the Dungeon.
You worshipped Makhleb.
Makhleb was aware of your devotion.
You were completely stuffed.

You visited 1 branch of the dungeon, and saw 6 of its levels.

You collected 215 gold pieces.

Inventory:

Hand Weapons
 a - a +0 war axe
 q - a +1 vampiric whip (weapon)
Missiles
 h - 24 sling bullets
Armour
 b - a +0 scale mail
 c - a +0 shield
 e - a +0 chain mail (worn)
 g - a +2 buckler of fire resistance (worn)
 j - a cursed +0 cloak (worn)
 u - a +0 helmet
 F - a +0 buckler
Jewellery
 k - an amulet of the gourmand (around neck)
 t - a ring of ice (left hand)
 y - a +2 ring of strength (right hand)
 z - an uncursed ring of wizardry
 B - an uncursed ring of protection from magic
 C - an uncursed ring of poison resistance
Scrolls
 l - 6 scrolls of teleportation
 o - a scroll of enchant armour
 p - a scroll of remove curse
 r - 2 scrolls of fear
 v - 3 scrolls of amnesia
 w - a scroll of fog
 D - a scroll of enchant weapon
 E - a scroll of blinking
 I - a scroll of identify
Potions
 d - 2 potions of might
 i - a potion of agility {unknown}
 m - 7 potions of curing
 n - 2 potions of heal wounds
 x - 2 potions of cancellation
 A - a potion of magic {unknown}
 G - 2 potions of ambrosia {unknown}
 H - a potion of lignification {unknown}
Comestibles
 f - 11 rations
 s - 2 chunks of flesh


   Skills:
 + Level 5.2 Fighting
 * Level 5.4 Axes
 + Level 4.4 Armour
 + Level 3.8 Dodging
 + Level 4.4 Shields
 * Level 5.6 Invocations


You had 7 spell levels left.
You didn't know any spells.
Your spell library was empty.

Dungeon Overview and Level Annotations

Branches:
Dungeon (6/15)             Temple (0/1) D:5

Altars:
Ashenzari
Cheibriados
Dithmenos
Makhleb
Uskayaw
The Shining One
Beogh

Annotations:
D:3 3 runed translucent doors, cstieg1's ghost, amateur HuAr


Innate Abilities, Weirdness & Mutations

You have a pair of small antennae on your head.
You are mostly covered in molten scales. (AC +3)
You regenerate a little health from kills.
You are immune to rotting.


Message History

You are too injured to fight recklessly!
You are too injured to fight recklessly!
You are too injured to fight recklessly!
There is a stone staircase leading down here.
You barely miss the ogre.
The ogre is moderately wounded.
The ogre closely misses you.
You barely miss the ogre.
The ogre is moderately wounded.
You hit the ogre.
You feel better.
The ogre is heavily wounded.
You block the ogre's attack.
You hit the ogre.
You feel better.
The ogre is heavily wounded.
The ogre hits you with a +0 giant club!!
* * * LOW HITPOINT WARNING * * *
You hit the ogre.
The ogre is heavily wounded.
The ogre hits you with a +0 giant club!!
You die...

###...........#.....#.#
#.# #...
...##########..#.##.#.#
#.# ###. ...# #..#.#
#.# #.# ## ...# #....#
#.# #.# ...# #.#..# #.#
#.# ...# #.#..# #.# #..
...# #.#..##.#.# ###
...# #...O...#.# ..<#
######@####.# .....
...........#.# ###.#
#######.##.#.# #.##...#
#.####.# #.# #.# #.#
### #.# #.


You could see an ogre.

Vanquished Creatures
  A water moccasin (D:5)
  An ice beast (D:5)
  A sky beast (D:4)
  A phantom (D:5)
  4 ogres
  Blork the orc (D:4)
  A bullfrog (D:6)
  A scorpion (D:5)
  A bullfrog zombie (D:5)
  A crimson imp (D:5)
  2 hounds (D:4)
  An orc priest (D:4)
  A centaur skeleton (D:4)
  4 orc wizards
  Jessica (D:3)
  4 iguanas
  2 worker ants (D:4)
  Robin (D:3)
  7 gnolls
  3 adders
  3 oozes (D:1)
  4 worms
  6 dart slugs (D:1)
  3 leopard geckos
  17 orcs
  4 giant cockroaches
  20 goblins
  9 hobgoblins
  6 jackals
  2 quokkas
  A ball python (D:3)
  6 bats
  3 frilled lizards
  A jackal skeleton (D:5)
  5 kobolds
  8 rats
137 creatures vanquished.

Vanquished Creatures (others)
  An orc wizard (D:4)
1 creature vanquished.

Grand Total: 138 creatures vanquished

Notes
Turn   | Place    | Note
-------+----------+-------------------------------------------
     0 | D:1      | billz999 the Demonspawn Fighter began the quest for the
                  | Orb.
     0 | D:1      | Reached XP level 1. HP: 18/18 MP: 1/1
   103 | D:1      | Gained mutation: You are partially covered in molten
                  | scales. (AC +2) [demonic ancestry]
   103 | D:1      | Reached XP level 2. HP: 22/24 MP: 2/2
   402 | D:1      | Reached XP level 3. HP: 17/29 MP: 3/3
  1198 | D:2      | Gained mutation: You regenerate a little health from kills.
                  | [demonic ancestry]
  1198 | D:2      | Reached XP level 4. HP: 35/37 MP: 4/4
  1436 | D:2      | Gained mutation: You are mostly covered in molten scales.
                  | (AC +3) [demonic ancestry]
  1436 | D:2      | Reached XP level 5. HP: 42/42 MP: 5/5
  1770 | D:3      | Found a runed translucent gate.
  1770 | D:3      | Found a runed translucent gate.
  1771 | D:3      | Found a runed translucent gate.
  1782 | D:3      | Noticed cstieg1's ghost (amateur HuAr)
  1783 | D:3      | Identified the +5 hunting sling "Diaqaet" {freeze, Dex+3}
  1865 | D:3      | Reached skill level 1 in Dodging
  1889 | D:3      | Noticed Robin
  1930 | D:3      | Killed Robin
  2032 | D:3      | Found a hide-covered altar of Uskayaw.
  2072 | D:3      | Found a shadowy altar of Dithmenos.
  2105 | D:3      | Found a snail-covered altar of Cheibriados.
  2127 | D:3      | Found a burning altar of Makhleb.
  2268 | D:3      | Became a worshipper of Makhleb the Destroyer
  2335 | D:3      | Noticed Jessica
  2353 | D:3      | Killed Jessica
  2479 | D:3      | Found a roughly hewn altar of Beogh.
  2624 | D:4      | Noticed Blork the orc
  2649 | D:4      | Killed Blork the orc
  2649 | D:4      | Reached skill level 1 in Invocations
  2649 | D:4      | Reached XP level 6. HP: 39/48 MP: 6/6
  2851 | D:4      | Found a shattered altar of Ashenzari.
  3208 | D:4      | Gained mutation: You have a pair of small antennae on your
                  | head. [demonic ancestry]
  3208 | D:4      | Reached XP level 7. HP: 55/55 MP: 8/8
  3557 | D:5      | Entered Level 5 of the Dungeon
  4153 | D:5      | Found a glowing golden altar of the Shining One.
  4158 | D:5      | Noticed a hippogriff
  4299 | D:5      | Found a staircase to the Ecumenical Temple.
  4434 | D:6      | Gained mutation: You are immune to rotting. [demonic
                  | ancestry]
  4434 | D:6      | Reached XP level 8. HP: 48/61 MP: 11/11
  4506 | D:6      | Reached * piety under Makhleb
  4742 | D:5      | Reached skill level 5 in Fighting
  4742 | D:5      | Reached skill level 5 in Axes
  4751 | D:5      | Reached skill level 5 in Invocations
  5653 | D:6      | Mangled by an ogre

Levels and vault maps discovered:
D:1:      enne_arrival_octagon_isle, layout_basic, serial_bayou_pond_e,
          grunt_decor_clamped
D:2:      layout_rooms, nrook_campfire, solitary_fountain
D:3:      layout_rooms, nicolae_overflow_quartered_altars, first_ration,
          biasface_ghost_orc_armoury, uniq_jessica, uniq_robin
D:4:      layout_loops_ring, lemuel_crystal_altar, uniq_blork_the_orc
D:5:      layout_basic, temple_pool_b, dk_vineyard_3, tso_metal_star
D:6:      layout_basic, ebering_ghost_reflecting_pool

Skill      XL: |  1  2  3  4  5  6  7  8 |
---------------+-------------------------+-----
Axes           | 2 3 4 5 |  5.4
Armour         | 3 4 |  4.4
Shields        | 3 4 |  4.4
Dodging        | 1 2 3 |  3.8
Fighting       | 4 5 |  5.2
Invocations    | 1 2 4 5 |  5.6

Action                   |  1- 3 |  4- 6 |  7- 9 || total
-------------------------+-------+-------+-------++-------
Melee: War axe           |   107 |    28 |    11 ||   146
       Whip              |       |   361 |   399 ||   760
  Use: Scroll            |     1 |     4 |     7 ||    12
  Eat: Chunk             |    14 |     8 |     9 ||    31
Armor: Chain mail        |    60 |   223 |   165 ||   448
       Scale mail        |     1 |       |       ||     1
Dodge: Dodged            |     9 |    80 |   118 ||   207
Block: Shield            |    58 |   164 |    79 ||   301
       Buckler           |       |       |    50 ||    50
